 Dungeon Crawl Stone Soup version 0.32-a0-953-g508020473e (webtiles) character file.

Game seed: 3649275167596214687

672 jasper the Grappler (level 7, -5/58 HPs)
             Began as a Minotaur Fighter on Apr 16, 2024.
             Slain by a gnoll
             ... wielding a +0 spear
             ... led by a gnoll bouda
              (7 damage)
             ... on level 5 of the Dungeon.
             The game lasted 00:04:10 (3248 turns).

jasper the Grappler (Minotaur Fighter)              Turns: 3248, Time: 00:04:10

Health: -5/58      AC: 10    Str: 20    XL:     7   Next: 32%
Magic:  6/6        EV:  9    Int:  5    God:
Gold:   195        SH:  4    Dex: 12    Spells: 6/6 levels left

rFire   . .          .
                       - Unarmed
rCold   . . .        b - +0 buckler
rNeg    . . .        m - +0 ring mail
rPois   .            (helmet restricted)
rElec   .            o - +0 cloak
rCorr   .            (no gloves)
SInv    .            l - +2 pair of boots
Will    .....        (no amulet)
Stlth   +            (no ring)
HPRegen 0.29/turn    (no ring)
MPRegen 0.10/turn

%: no passive effects
@: about to teleport, invisible
A: horns 2, retaliatory headbutt
a: no special abilities


You were on level 5 of the Dungeon.
You visited 2 branches of the dungeon, and saw 6 of its levels.

You collected 198 gold pieces.
You donated 3 gold pieces to Zin.

Inventory:

Missiles
 i - 5 javelins (quivered)
 k - 13 poisoned darts
Armour
 a - a +0 scale mail
 b - a +0 buckler (worn)
 l - a +2 pair of boots (worn)
 m - a +0 ring mail (worn)
 o - a +0 cloak (worn)
Jewellery
 r - a ring of magical power
Talismans
 e - a flux talisman
Wands
 p - a wand of flame (18)
Scrolls
 f - a scroll of vulnerability {unknown}
 n - 4 scrolls of identify
Potions
 d - a potion of magic
 g - a potion of attraction {unknown}
 h - 3 potions of mutation
 j - 2 potions of curing {unknown}
 q - 2 potions of invisibility
 s - a potion of degeneration {unknown}


   Skills:
 - Level 3.7 Fighting
 - Level 3.6 Armour
 - Level 0.2 Dodging
 - Level 3.7 Shields
 * Level 9.0 Unarmed Combat


You had 6 spell levels left.
You didn't know any spells.
Your spell library contained the following spells:

 Spells                   Type           Power      Damage    Failure   Level
 Cause Fear               Hex            0%         N/A       100%        4
 Fireball                 Conj/Fire      0%         3d3       100%        5
 Dragon's Call            Summ           0%         N/A       100%        9


Dungeon Overview and Level Annotations

Branches:
Dungeon (5/15)             Temple (1/1) D:4

Altars:
Cheibriados
Dithmenos
Elyvilon
Gozag
Kikubaaqudgha
Makhleb
Nemelex Xobeh
Qazlal
Ru
Sif Muna
Uskayaw
Vehumet
Wu Jian
Yredelemnul
Zin
The Shining One

Shops:
D:1 ?


Innate Abilities, Weirdness & Mutations

You have a pair of horns on your head.
You reflexively headbutt those who attack you in melee.


Message History

You hit the gnoll. Your headbutt misses the gnoll.
The gnoll is heavily wounded.
The gnoll barely misses you. The gnoll hits you but does no damage.
You punch the gnoll!
You kill the gnoll!
The gnoll closely misses you. The gnoll hits you with a +0 halberd!
You see here a +0 whip.
You take 9 damage, and have 20/58 hp.
You hit the gnoll.
You kill the gnoll!
You closely miss the gnoll. Your headbutt misses the gnoll.
The gnoll hits you with a +0 flail.
You hit the gnoll. You headbutt the gnoll.
The gnoll is severely wounded.
You punch the gnoll!
You kill the gnoll!
Your Unarmed Combat skill increases to level 9!
The gnoll hits you with a +0 flail!
* * * LOW HITPOINT WARNING * * *
Things that are here:
a +0 flail; a +0 halberd; a gnoll corpse You take 10 damage, and have 10/58 hp.
You hit the gnoll. You headbutt the gnoll.
The gnoll is moderately wounded.
The gnoll hits you with a +0 flail!
* * * LOW HITPOINT WARNING * * *
You take 8 damage, and have 2/58 hp.
It was a potion of invisibility.
You fade into invisibility!
The gnoll closely misses you. You furiously retaliate!
You headbutt the gnoll!
You kill the gnoll!
The ribbon worm expels a string of sticky webbing.
The stream of webbing misses you.
The stream of webbing hits the orc but does no damage.
The orc is caught in a web!
As you read the scroll of teleportation, it crumbles to dust.
You feel strangely unstable.
The gnoll hits you from afar with a +0 spear!
You die...

#.##############
#......go@)w...#
#.####g#######.##
#. ###....g# #
...........##.#
#.####.####g...#
#. ..... #.#..#
#. .......#g##.#
.# #.
.....$.#w##.#..#
.._...B......g#


You could see a ribbon worm (unable to see you, catching breath), 2 gnolls and
an orc (webbed, unable to see you).

Vanquished Creatures
  Menkaure (D:4)
  A black bear (D:4)
  2 ogres (D:4)
  A scorpion (D:4)
  A bombardier beetle (D:4)
  Jessica (D:3)
  2 sleepcaps (D:4)
  3 adders
  4 gnolls (D:5)
  4 dart slugs
  2 orcs
  3 bats
  4 endoplasms
  2 giant cockroaches
  2 goblins (D:1)
  8 hobgoblins
  3 jackals (D:1)
  5 kobolds
  5 quokkas
  5 ball pythons
  5 rats
64 creatures vanquished.

Notes
Turn   | Place    | Note
-------+----------+-------------------------------------------
     0 | D:1      | jasper the Minotaur Fighter began the quest for the Orb.
     0 | D:1      | Reached XP level 1. HP: 19/19 MP: 0/0
   149 | D:1      | Found Elofa's Magic Scroll Boutique.
   155 | D:1      | Reached XP level 2. HP: 23/27 MP: 1/1
   305 | D:1      | Reached skill level 3 in Unarmed Combat
   515 | D:1      | Reached XP level 3. HP: 33/33 MP: 2/2
   817 | D:2      | Found a faded altar of an unknown god.
   819 | D:2      | Prayed at the altar of an unknown god.
   819 | D:2      | Became a worshipper of Zin the Law-Giver
   819 | D:2      | Reached * piety under Zin
   820 | D:2      | Fell from the grace of Zin
  1037 | D:2      | Reached skill level 4 in Unarmed Combat
  1179 | D:2      | Found a sparkling altar of Nemelex Xobeh.
  1801 | D:3      | Reached XP level 4. HP: 38/40 MP: 3/3
  1896 | D:3      | Noticed Jessica
  1899 | D:3      | Killed Jessica
  1900 | D:3      | Reached skill level 5 in Unarmed Combat
  2317 | D:4      | Noticed an ogre
  2323 | D:4      | Killed an ogre
  2324 | D:4      | Reached skill level 6 in Unarmed Combat
  2324 | D:4      | Reached XP level 5. HP: 46/46 MP: 4/4
  2385 | D:4      | Noticed a black bear
  2392 | D:4      | Killed a black bear
  2393 | D:4      | Reached XP level 6. HP: 52/52 MP: 5/5
  2422 | D:4      | Found a staircase to the Ecumenical Temple.
  2509 | D:4      | Reached skill level 7 in Unarmed Combat
  2535 | Temple   | Entered the Ecumenical Temple
  2597 | D:4      | Noticed Menkaure
  2603 | D:4      | Killed Menkaure
  2604 | D:4      | Reached skill level 8 in Unarmed Combat
  2774 | D:4      | Reached XP level 7. HP: 58/58 MP: 6/6
  3128 | D:4      | Found a burning altar of Makhleb.
  3213 | D:5      | Entered Level 5 of the Dungeon
  3215 | D:5      | Found an ornate altar of the Wu Jian Council.
  3245 | D:5      | Reached skill level 9 in Unarmed Combat
  3246 | D:5      | HP: 2/58 [gnoll/+0 flail[a gnoll bouda] (9)]
  3248 | D:5      | Slain by a gnoll

Illustrated notes

Levels and vault maps discovered:
D:1:      zelgadis_glass_arrival_small, layout_basic, serial_shops, shop,
          hangedman_decor_clover_reticule, minmay_misc_feat_tiny
D:2:      layout_loops_ring, basic_altar, chequers_ecumenical_altar_twisty
D:3:      layout_loops_cross, uniq_jessica
D:4:      layout_basic, lemuel_coloured_pillars_altar,
          minmay_temple_entry_antechambers, palyth_stone_intersect,
          patterned_corridor, uniq_menkaure
D:5:      layout_basic, mainiacjoe_overflow_alcove_1,
          cheibrodos_ashenzari_chains, old_standard_altar, uniq_prince_ribbit1
Temple:   nicolae_temple_great_sept

Skill      XL: |  1  2  3  4  5  6  7 |
---------------+----------------------+-----
Unarmed Combat | 3 4 6 8 9 |  9.0
Fighting       | |  3.7
Armour         | |  3.6
Dodging        | |  0.2
Shields        | |  3.7

Action                     |  1- 3 |  4- 6 |  7- 9 || total
---------------------------+-------+-------+-------++-------
  Melee: Unarmed           |   128 |    36 |    17 ||   181
         Headbutt          |    11 |    11 |     4 ||    26
 Invoke: Renounce Religion |     1 |       |       ||     1
  Evoke: Wand              |       |     3 |     2 ||     5
    Use: Scroll            |     4 |       |     1 ||     5
         Potion            |       |     1 |     1 ||     2
 Armour: Scale mail        |    68 |       |       ||    68
         Ring mail         |     8 |    16 |    17 ||    41
  Dodge: Dodged            |    52 |     9 |    11 ||    72
  Block: Buckler           |    16 |     4 |     6 ||    26

Table legend: (Time is in decaauts)
 A = Elapsed time spent in this place.
 B = Non-inter-level travel time spent in this place.
 C = Inter-level travel time spent in this place.
 D = Time resting spent in this place.
 E = Time spent auto-exploring this place.
 F = Levels seen in this place.
 G = Mean time per level.
                   A        B        C        D        E       F      G
               +--------+--------+--------+--------+--------+-----+--------+
         Total |   3236 |   3127 |    109 |      0 |   2561 |   6 |  539.3 |
       Dungeon |   3234 |   3125 |    109 |      0 |   2561 |   5 |  646.8 |
        Temple |      1 |      1 |      0 |      0 |      0 |   1 |    1.0 |
               +--------+--------+--------+--------+--------+-----+--------+

Top non-repeatable levels by time:
     D:4: 1015 daAuts
     D:2: 783 daAuts
     D:1: 757 daAuts
     D:3: 643 daAuts
     D:5: 33 daAuts
  Temple: 1 daAuts
